 Dungeon Crawl Stone Soup version 0.27-a0-920-gb2bd10914a (webtiles) character file.

Game seed: 11618230963999961498

1019 dickylongcocking the Skirmisher (level 8, -3/62 HPs)
             Began as a Djinni Venom Mage on Apr 10, 2021.
             Slain by an ogre
             ... wielding a +0 giant spiked club
              (24 damage)
             ... on level 4 of the Dungeon.
             The game lasted 00:05:27 (6391 turns).

dickylongcocking the Skirmisher (Djinni Venom Mage) Turns: 6391, Time: 00:05:28

Health: -3/62      AC:  2    Str:  7    XL:     8   Next: 22%
Gold:   274        EV: 12    Int: 19    God:
                   SH:  0    Dex: 14

rFire    + + .     SeeInvis .   f - +0 club
rCold    x . .     Faith    .   (no shield)
rNeg     . . .     Spirit   .   a - +0 robe
rPois    ∞         Reflect  .   (no helmet)
rElec    .         Harm     .   (no cloak)
rCorr    .         Rampage  .   (no gloves)
Will     +....                  (boots unavailable)
Stlth    ++........             g - amulet of regeneration
HPRegen  1.20/turn              o - ring of willpower
MPRegen  0.00/turn              (no ring)

@: flying
A: fire resistance 2, cold vulnerability 1, float, innate caster, hp casting,
extra vitality 1
a: no special abilities


You were on level 4 of the Dungeon.
You visited 1 branch of the dungeon, and saw 5 of its levels.

You collected 274 gold pieces.

Inventory:

Hand Weapons
 f - a +0 club (weapon)
Missiles
 d - 2 throwing nets
Armour
 a - a +0 robe (worn)
Jewellery
 g - an amulet of regeneration (around neck)
 o - a ring of willpower (left hand)
Scrolls
 e - 2 scrolls of enchant armour {unknown}
 h - a scroll of fear {unknown}
 i - a scroll of amnesia {unknown}
 k - 2 scrolls of teleportation
 l - 3 scrolls of identify {unknown}
 m - a scroll of vulnerability {unknown}
Potions
 b - a potion of attraction {unknown}
 c - a potion of magic
 j - 2 potions of might
 n - a potion of curing


   Skills:
 * Level 6.4 Fighting
 - Level 2.2 Dodging
 - Level 1.5 Stealth
 * Level 6.1 Spellcasting


You couldn't memorise any spells.
You knew the following spells:

 Your Spells              Type           Power      Damage    Failure   Level
a - Sting                 Tmut/Pois      100%       1d8       1%          1
b - Pain                  Necr           100%       1d9       1%          1
c - Gell's Gravitas       Tloc           14%        N/A       2%          3
d - Olgreb's Toxic Radia  Pois           29%        N/A       9%          4
f - Wereblood             Tmut           29%        N/A       1%          2
i - Ignite Poison         Fire/Tmut/Pois 29%        N/A       2%          3
p - Poisonous Vapours     Pois/Air       58%        N/A       1%          2
x - Mephitic Cloud        Conj/Pois/Air  29%        N/A       2%          3
Your spell library was empty.

Dungeon Overview and Level Annotations

Branches:
Dungeon (5/15)
 Temple: D:4-7

Altars:
Elyvilon
Nemelex Xobeh
Uskayaw
Beogh

Shops:
D:5 [

Annotations:
D:3 1 runed translucent door, tinescath's ghost, weakling DjWz


Innate Abilities, Weirdness & Mutations

You are immune to poison.
Your flesh is very heat resistant. (rF++)
You are vulnerable to cold. (rC-)
You float through the air rather than walking.
You learn spells naturally, not from books.
Your magical power is your life essence.
You have superior vitality. (+4 HP)


Message History

Unknown command.
Casting: Olgreb's Toxic Radiance (dangerous; 9% risk of failure)
Confirm with . or Enter, or press ? or * to list all spells.
Okay, then.
An ogre and a skeleton come into view.
The ogre shouts!
You hear a shout!
The adder skeleton moves out of view.
An orc comes into view. It is wielding a +0 short sword.
The orc shouts!
Found a scroll labelled NEMUSU OGRO.
Found 15 gold pieces.
Casting: Olgreb's Toxic Radiance (dangerous; 9% risk of failure)
Confirm with . or Enter, or press ? or * to list all spells.
You begin to radiate toxic energy.
The adder is poisoned.
The goblin is poisoned.
The ogre is poisoned.
The orc is poisoned.
The adder looks even sicker.
You kill the goblin!
The ogre hits you with a +0 giant spiked club!
Casting: Olgreb's Toxic Radiance (dangerous; 9% risk of failure)
Confirm with . or Enter, or press ? or * to list all spells.
You ignite the poison in your surroundings!
The ogre seems to burn from within.
The ogre is moderately wounded.
The orc seems to burn from within!
You kill the orc!
The adder seems to burn from within!!!
You kill the adder!
The ogre is poisoned.
Your toxic aura wanes.
The ogre hits you with a +0 giant spiked club!!
Unknown command.
Unknown command.
Unknown command.
Casting: Ignite Poison (dangerous; 2% risk of failure)
Confirm with . or Enter, or press ? or * to list all spells.
You ignite the poison in your surroundings!
The ogre seems to burn from within!
The ogre is almost dead.
The ogre hits you with a +0 giant spiked club!!
You die...

#. ##.. .. #..# ##.#
##..# ...# #...#....#
#...#....# ##..)Z)..$#
#..@O# #. #....# #.....
#...#....####.. #.....
............... #.....
#######.###########.....
#.##.......... ......
#...#........# #.##..
#...##.......# #..#..
.##....#........##..#..


You could see an ogre and an adder skeleton.

Vanquished Creatures
  An ice beast (D:5)
  A sky beast (D:5)
  A necrophage (D:5)
  A phantom (D:5)
  A scorpion (D:4)
  A wyvern zombie (D:5)
  A centaur zombie (D:5)
  A hound (D:5)
  5 orc priests
  Terence (D:2)
  An iguana (D:5)
  4 orc wizards
  A hound skeleton (D:4)
  4 gnolls (D:3)
  7 adders
  A worm (D:3)
  A dart slug (D:2)
  15 orcs
  A bat (D:1)
  6 endoplasms
  4 giant cockroaches (D:2)
  10 goblins
  3 hobgoblins
  3 jackals (D:5)
  4 quokkas
  5 ball pythons
  4 frilled lizards
  8 kobolds
  4 rats
100 creatures vanquished.

Notes
Turn   | Place    | Note
-------+----------+-------------------------------------------
     0 | D:1      | dickylongcocking the Djinni Venom Mage began the quest for
                  | the Orb.
     0 | D:1      | Reached XP level 1. HP: 15/15 MP: 0/0
   559 | D:1      | Reached XP level 2. HP: 18/22 MP: 0/0
   652 | D:1      | Reached skill level 1 in Fighting
  1244 | D:1      | You are sucked into a shaft and drop 1 floor!
  1613 | D:2      | Noticed Terence
  1630 | D:2      | Killed Terence
  1631 | D:2      | Reached XP level 3. HP: 9/28 MP: 0/0
  1631 | D:2      | Learned a level 1 spell: Pain
  1928 | D:2      | Found a sparkling altar of Nemelex Xobeh.
  1958 | D:2      | Reached XP level 4. HP: 27/33 MP: 0/0
  3090 | D:3      | Reached XP level 5. HP: 6/40 MP: 0/0
  3090 | D:3      | Learned a level 2 spell: Wereblood
  3675 | D:3      | Found a runed translucent door.
  3713 | D:3      | Noticed tinescath's ghost (weakling DjWz)
  3724 | D:3      | Found a hide-covered altar of Uskayaw.
  3939 | D:3      | Reached XP level 6. HP: 45/47 MP: 0/0
  4008 | D:3      | Found a sparkling altar of Nemelex Xobeh.
  4013 | D:3      | Found a white marble altar of Elyvilon.
  4919 | D:4      | You are sucked into a shaft and drop 1 floor!
  4919 | D:5      | Entered Level 5 of the Dungeon
  4980 | D:5      | Noticed an ice beast
  4984 | D:5      | Killed an ice beast
  4985 | D:5      | Reached skill level 5 in Spellcasting
  4985 | D:5      | Reached XP level 7. HP: 47/53 MP: 0/0
  4985 | D:5      | Learned a level 3 spell: Gell's Gravitas
  5362 | D:5      | Found Uwumn's Armour Boutique.
  5374 | D:5      | Reached skill level 5 in Fighting
  5845 | D:5      | Reached XP level 8. HP: 30/61 MP: 0/0
  6391 | D:4      | Slain by an ogre

Illustrated notes

Levels and vault maps discovered:
D:1:      minmay_arrival_split_and_join, layout_basic, serial_shops,
          shop_statue, chequers_ecumenical_altar_lobes, chequers_avenue
D:2:      layout_rooms, basic_altar, minmay_worlds_worst_comb, uniq_terence
D:3:      layout_loops_ring, nicolae_uskayaw_dance_hall,
          grunt_temple_overflow_open, ebering_ghost_reflecting_pool,
          grunt_ministairs_7, kennysheep_orc_chapel
D:4:      minmay_recursive_quarters, layout_cave_pools, skrybe_limestone_x
D:5:      layout_gridville, serial_shops, shop_fountains, feat_on_display

Skill      XL: |  1  2  3  4  5  6  7  8 |
---------------+-------------------------+-----
Fighting       | 2 3 4 6 |  6.4
Spellcasting   | 3 4 5 6 |  6.1
Dodging        | |  2.2
Stealth        | |  1.5

Action                   |  1- 3 |  4- 6 |  7- 9 || total
-------------------------+-------+-------+-------++-------
Melee: Unarmed           |     4 |       |       ||     4
       Club              |       |    23 |     6 ||    29
 Cast: Sting             |    21 |    17 |       ||    38
       Poisonous Vapours |    17 |    22 |     3 ||    42
       Ignite Poison     |       |     9 |    17 ||    26
       Olgreb's Toxic Ra |       |     7 |    10 ||    17
       Pain              |       |     8 |       ||     8
       Wereblood         |       |     1 |       ||     1
       Mephitic Cloud    |       |       |     5 ||     5
       Gell's Gravitas   |       |       |     3 ||     3
  Use: Potion            |       |     7 |     1 ||     8
       Scroll            |       |       |     1 ||     1
Armor: Robe              |     8 |     6 |     5 ||    19
       Skin              |       |     5 |       ||     5
Dodge: Dodged            |    10 |    27 |    22 ||    59

Table legend: (Time is in decaauts)
 A = Elapsed time spent in this place.
 B = Non-inter-level travel time spent in this place.
 C = Inter-level travel time spent in this place.
 D = Time resting spent in this place.
 E = Time spent auto-exploring this place.
 F = Levels seen in this place.
 G = Mean time per level.
                   A        B        C        D        E       F      G
               +--------+--------+--------+--------+--------+-----+--------+
         Total |   6400 |   6325 |     75 |   1583 |   4218 |   5 | 1280.0 |
       Dungeon |   6400 |   6325 |     75 |   1583 |   4218 |   5 | 1280.0 |
               +--------+--------+--------+--------+--------+-----+--------+

Top non-repeatable levels by time:
     D:3: 2117 daAuts
     D:2: 1496 daAuts
     D:5: 1249 daAuts
     D:1: 1244 daAuts
     D:4: 292 daAuts
